Map: [ESL] Tropical Sacrifice

Players

Maru - Winner!

  • Race: Terran Terran
  • Spawn Location: 1:00

Dark

  • Race: Zerg Zerg
  • Spawn Location: 7:00

Event: DreamHack SC2 Masters 2022 Valencia

VOD

https://youtu.be/bBNNwgXpV4k

Description

Time

  • Played on: July 3, 2022, 3:54 p.m.
  • Length: 8:51

All games in this series

Show
View Real Time Build Order
Export as new Build Order

Maru Terran - Winner!

Build Orders:  

Get SALT Encoding   

  12  0:00  SCV  
  13  0:12  SCV  
  14  0:17  Supply Depot  
  14  0:24  SCV  
  15  0:39  SCV  
  15  0:40  Barracks  
  16  0:44  Refinery  
  16  0:51  SCV  
  17  1:03  SCV  
  18  1:15  SCV  
  19  1:27  Orbital Command, Marine  
  20  1:41  Command Center  
  20  1:51  Factory  
  20  1:55  SCV  
  21  2:04  Barracks Reactor  
  21  2:07  SCV  
  22  2:10  Supply Depot  
  22  2:14  Refinery  
  22  2:19  SCV  
  23  2:32  SCV  
  23  2:35  Hellion  
  26  2:40  Starport  
  26  2:41  Marine  
  26  2:42  Marine  
  28  2:44  SCV  
  29  2:53  Orbital Command  
  29  2:56  SCV  
  29  2:57  Widow Mine  
  32  3:00  Marine  
  32  3:01  Marine  
  34  3:08  SCV  
  35  3:17  Medivac, Supply Depot  
  35  3:19  SCV  
  38  3:25  SCV  
  39  3:29  Hellion x2  
  39  3:30  Marine  
  39  3:33  SCV  
  45  3:39  SCV  
  45  3:40  Supply Depot  
  46  3:47  Starport Tech Lab  
  46  3:49  Barracks Tech Lab  
  46  3:53  Hellion x2  
  46  3:54  SCV x2  
  52  4:04  Supply Depot  
  52  4:05  Raven  
  52  4:06  SCV  
  52  4:08  SCV  
  56  4:10  Marine  
  56  4:11  Stimpack  
  57  4:19  SCV  
  57  4:20  SCV  
  59  4:31  SCV  
  60  4:32  SCV, Barracks  
  60  4:33  Barracks  
  61  4:41  Factory Reactor  
  61  4:43  SCV  
  61  4:44  SCV  
  63  4:47  Engineering Bay  
  59  4:55  SCV  
  59  4:56  SCV  
  59  4:57  Refinery  
  59  4:59  Supply Depot  
  61  5:01  Starport Reactor  
  61  5:05  Marine  
  62  5:07  SCV  
  62  5:08  SCV  
  64  5:19  SCV  
  64  5:20  SCV  
  66  5:22  Terran Infantry Weapons Level 1  
  66  5:27  Marine x4  
  70  5:31  SCV  
  71  5:36  Marine  
  71  5:37  Medivac, Supply Depot, Siege Tank  
  77  5:43  SCV  
  77  5:44  Marine  
  77  5:45  Marine x3  
  77  5:48  Medivac  
  84  5:52  Barracks  
  84  5:53  Barracks  
  84  5:54  Combat Shield, Marine  
  85  5:59  Refinery  
  85  6:00  Supply Depot  
  85  6:02  Marine x3  
  85  6:03  Marine  
  89  6:04  Supply Depot  
  89  6:10  Siege Tank  
  92  6:12  Marine  
  92  6:13  SCV  
  94  6:22  Marine x4  
  94  6:25  Medivac  
  100  6:30  Marine  
  101  6:33  Supply Depot x2  
  101  6:34  Medivac  
  101  6:39  Marine x4  
  103  6:45  Marine  
  103  6:46  Marine  
  108  6:59  Marine x3  
  97  7:01  Medivac  
  97  7:03  Marine x4  
  97  7:04  Siege Tank  
  106  7:11  Medivac  
  108  7:16  Marine  
  108  7:17  Marine x2  
  108  7:20  Marine  
  108  7:21  Marine x2  
  108  7:22  Marine  
  115  7:23  Supply Depot  
  115  7:34  Marine x2  
  115  7:35  Marine  
  115  7:36  Siege Tank  
  121  7:38  Marine x2  
  121  7:39  Marine x2  
  121  7:49  Medivac  
  123  7:52  Marine x3  
  123  7:56  Marine x2  
  123  7:57  Marine x2  
  130  8:02  Supply Depot  
  129  8:08  Siege Tank  
  129  8:10  Marine x2  
  134  8:23  Marine x5  
  137  8:28  Marine x2  
Show
View Real Time Build Order
Export as new Build Order

Dark Zerg 

Build Orders: Hatch First 

Get SALT Encoding   

  12  0:00  Drone  
  13  0:14  Overlord  
  13  0:17  Drone  
  14  0:32  Drone x2  
  16  0:49  Hatchery  
  15  0:53  Drone  
  15  0:56  Drone  
  17  0:59  Drone  
  18  1:10  Extractor  
  17  1:14  Spawning Pool  
  17  1:17  Drone  
  17  1:21  Drone  
  18  1:29  Drone  
  19  1:44  Drone  
  20  1:53  Drone  
  21  2:02  Queen x2  
  21  2:03  Zergling x4  
  27  2:12  Overlord  
  27  2:15  Drone  
  28  2:24  Hatchery  
  28  2:29  Drone  
  28  2:32  Drone  
  29  2:37  Drone  
  29  2:38  Drone  
  29  2:42  Queen  
  33  2:47  Overlord  
  33  2:52  Metabolic Boost  
  33  2:59  Drone x3  
  36  3:06  Drone  
  36  3:07  Drone  
  36  3:11  Queen  
  40  3:13  Drone  
  40  3:16  Drone  
  40  3:17  Drone  
  43  3:27  Overlord  
  43  3:35  Queen  
  43  3:36  Queen  
  43  3:38  Drone x3  
  50  3:43  Overlord  
  50  3:46  Drone x2  
  50  3:47  Drone  
  53  3:55  Queen  
  53  3:57  Overlord  
  53  3:58  Drone x2, Extractor  
  56  4:05  Zergling x6  
  59  4:10  Drone x3  
  59  4:11  Drone x2  
  64  4:19  Evolution Chamber, Drone x2  
  64  4:21  Evolution Chamber  
  64  4:23  Zergling x4  
  66  4:26  Zergling x4  
  66  4:29  Zergling x2  
  68  4:31  Zergling x2  
  68  4:35  Zergling x2  
  68  4:37  Zergling x2  
  68  4:38  Zergling x2  
  72  4:45  Drone x2  
  72  4:50  Drone x2  
  72  4:51  Drone  
  73  4:54  Zerg Melee Weapons Level 1  
  73  4:57  Spore Crawler  
  72  5:00  Spore Crawler  
  72  5:01  Drone x2  
  72  5:07  Zerg Ground Armor Level 1  
  73  5:10  Overlord  
  73  5:13  Overlord  
  73  5:15  Overlord  
  73  5:17  Overlord  
  73  5:21  Overlord  
  72  5:29  Drone x2  
  72  5:30  Overlord  
  72  5:33  Drone x3  
  72  5:34  Drone x3  
  79  5:35  Drone  
  79  5:38  Drone x2  
  79  5:41  Drone x2  
  84  5:44  Lair  
  84  5:46  Drone  
  84  5:48  Drone  
  86  5:51  Drone x3  
  86  5:53  Extractor x2  
  87  6:00  Hatchery  
  86  6:05  Drone x2  
  86  6:08  Baneling Nest  
  86  6:11  Hatchery  
  86  6:14  Zergling x8  
  86  6:16  Drone  
  91  6:19  Zergling x6  
  91  6:25  Zergling x12  
  100  6:29  Zergling x8  
  104  6:35  Overlord x2  
  104  6:45  Zergling x10  
  109  7:00  Zergling x2  
  109  7:01  Zergling x12  
  95  7:06  Zergling x4  
  95  7:08  Baneling x5  
  97  7:14  Zergling x10  
  102  7:17  Centrifugal Hooks, Hatchery  
  102  7:18  Baneling x2  
  102  7:19  Baneling  
  102  7:21  Zergling x2  
  102  7:22  Zergling x8  
  105  7:24  Baneling x2  
  105  7:26  Zergling x2  
  105  7:27  Zergling x4  
  108  7:32  Drone  
  108  7:34  Zergling x10  
  108  7:35  Baneling  
  114  7:39  Zergling x4  
  114  7:43  Queen x2  
  120  7:46  Baneling x2  
  117  7:53  Zergling x14  
  117  7:57  Zergling x2  
  117  7:58  Zergling x2  
  119  8:04  Baneling x3  
  119  8:05  Queen  
  118  8:06  Zergling x8  
  119  8:18  Zergling x14  
  118  8:29  Baneling x6  
  118  8:31  Zergling x4  
  118  8:32  Zergling x6  

Tags
 
Add a new tag
Caveats
  • Supply blocks, unpowered buildings, or Contaminate may cause inaccurate times.
  • Supply counts are checked every 10 seconds.